 Dungeon Crawl Stone Soup version 0.27-a0-155-g177a798329 (webtiles) character file.

Game seed: 11966149913069236288

129 HoaS the Shield-Bearer (level 5, 0/41 HPs)
             Began as a Formicid Fighter on Jan 27, 2021.
             Slain by an orc
             ... wielding a cursed +0 flail
              (8 damage)
             ... on level 3 of the Dungeon.
             The game lasted 00:05:14 (2503 turns).

HoaS the Shield-Bearer (Formicid Fighter)           Turns: 2503, Time: 00:05:15

Health: 0/41       AC:  6    Str: 21    XL:     5   Next: 35%
Magic:  5/5        EV:  8    Int:  8    God:
Gold:   168        SH: 14    Dex: 10    Spells: 4/4 levels left

rFire    . . .     SeeInvis +   a - +0 quarterstaff
rCold    . . .     Faith    .   c - +0 kite shield
rNeg     . . .     Spirit   .   b - +0 scale mail
rPois    .         Reflect  +   (helmet unavailable)
rElec    .         Harm     .   (no cloak)
rCorr    .         Rampage  .   (no gloves)
Will     .....                  (no boots)
Stlth    ..........             j - amulet of reflection
HPRegen  0.13/turn              (no ring)
MPRegen  0.09/turn              (no ring)

@: no status effects
A: permanent stasis, dig shafts and tunnels, four strong arms, antennae 3
a: Dig, Shaft Self


You were on level 3 of the Dungeon.
You visited 1 branch of the dungeon, and saw 3 of its levels.

You collected 168 gold pieces.

Inventory:

Hand Weapons
 a - a +0 quarterstaff (weapon)
Missiles
 l - 74 arrows
Armour
 b - a +0 scale mail (worn)
 c - a +0 kite shield (worn)
 i - a +1 tower shield
Jewellery
 j - an amulet of reflection (around neck)
 n - a +4 ring of protection {unknown}
 q - an uncursed ring of willpower {unknown}
Scrolls
 o - a scroll of identify
 r - a scroll of fear
Potions
 d - 2 potions of might
 e - a potion of cancellation {unknown}
 f - a potion of flight {unknown}
 g - 3 potions of curing
 h - a potion of heal wounds
 k - 2 potions of ambrosia
 m - a potion of haste {unknown}
 p - a potion of invisibility {unknown}


   Skills:
 - Level 3.2 Fighting
 * Level 4.3 Staves
 - Level 3.2 Armour
 + Level 4.9 Shields


You had 4 spell levels left.
You didn't know any spells.
Your spell library was empty.

Dungeon Overview and Level Annotations

Branches:
Dungeon (3/15)

Altars:
Fedhas
Qazlal
Ru
Xom
Zin


Innate Abilities, Weirdness & Mutations

You cannot be hasted, slowed, berserked, paralysed or teleported.
You can dig through walls and to a lower floor.
Your four strong arms can wield two-handed weapons with a shield.
You have a pair of large antennae on your head. (SInv)


Message History

You hit the orc.
The orc is almost dead.
You block the orc's attack.
You hit the orc but do no damage.
The orc is almost dead.
The orc hits you but does no damage.
You hit the orc.
You kill the orc!
You hit the orc.
The orc is severely wounded.
You block the orc's attack.
You hit the orc.
You kill the orc!
You hit the orc.
The orc is moderately wounded.
You block the orc's attack.
You hit the orc.
The orc is severely wounded.
The orc hits you with a cursed +0 flail!
You die...

*,......{{##..####.......
**.......#{....(.........
*#.....##.##.......†....
########.##............
#..o.†............
#.................
##{......#####...##
#o#####..#...#...# ##@#
#._#...#_..# ###
#..#...#...# #..#####...#
#..........* **,,,,,,,,,*
****,,,,,** *******


You could see an orc.

Vanquished Creatures
  6 adders
  3 worms
  3 dart slugs
  2 leopard geckos
  3 orcs (D:3)
  8 bats
  2 giant cockroaches (D:1)
  5 goblins
  4 hobgoblins
  2 jackals (D:1)
  2 quokkas (D:3)
  A ball python (D:2)
  3 frilled lizards
  9 kobolds
  6 rats
59 creatures vanquished.

Notes
Turn   | Place    | Note
-------+----------+-------------------------------------------
     0 | D:1      | HoaS the Formicid Fighter began the quest for the Orb.
     0 | D:1      | Reached XP level 1. HP: 18/18 MP: 1/1
   503 | D:1      | Reached XP level 2. HP: 5/24 MP: 2/2
  1049 | D:1      | Reached XP level 3. HP: 29/29 MP: 3/3
  1425 | D:2      | Found a stormy altar of Qazlal.
  1506 | D:2      | Found a blossoming altar of Fedhas.
  1554 | D:2      | Reached XP level 4. HP: 15/35 MP: 4/4
  2235 | D:3      | Found a sacrificial altar of Ru.
  2307 | D:3      | Reached XP level 5. HP: 41/41 MP: 5/5
  2427 | D:3      | Noticed an angel
  2428 | D:3      | Found a glowing silver altar of Zin.
  2428 | D:3      | Found a shimmering altar of Xom.
  2503 | D:3      | Slain by an orc

Illustrated notes

Levels and vault maps discovered:
D:1:      dpeg_chamrin_arrival_tetris, layout_basic, hangedman_decor_growths,
          st_stairs_8, hangedman_decor_points, minmay_cupped
D:2:      layout_loops_ring, lemuel_round_altar,
          nicolae_qazlal_general_emergency
D:3:      layout_rooms, grunt_temple_overflow_order_and_chaos_1,
          minmay_stone_trees_small, nicolae_ru_path_of_blood

Skill      XL: |  1  2  3  4 |
---------------+-------------+-----
Shields        | 4 |  4.9
Staves         | 3 4 |  4.3
Fighting       | |  3.2
Armour         | |  3.2

Action                   |  1- 3 |  4- 6 || total
-------------------------+-------+-------++-------
Melee: Quarterstaff      |   113 |   123 ||   236
 Abil: Dig               |       |     2 ||     2
  Use: Scroll            |     6 |     4 ||    10
Armor: Scale mail        |    43 |    44 ||    87
Dodge: Dodged            |    37 |    30 ||    67
Block: Kite shield       |    50 |    98 ||   148
       Reflection        |       |     2 ||     2

Table legend: (Time is in decaauts)
 A = Elapsed time spent in this place.
 B = Non-inter-level travel time spent in this place.
 C = Inter-level travel time spent in this place.
 D = Time resting spent in this place.
 E = Time spent auto-exploring this place.
 F = Levels seen in this place.
 G = Mean time per level.
                   A        B        C        D        E       F      G
               +--------+--------+--------+--------+--------+-----+--------+
         Total |   2576 |   2538 |     38 |    586 |   1384 |   3 |  858.7 |
       Dungeon |   2576 |   2538 |     38 |    586 |   1384 |   3 |  858.7 |
               +--------+--------+--------+--------+--------+-----+--------+

Top non-repeatable levels by time:
     D:1: 1397 daAuts
     D:2: 871 daAuts
     D:3: 307 daAuts
